TOP OF THE 1ST |
Toledo Mud Hens batting - Pitching for Round Rock Express : RHP Dustin Noriega
|
Pitching: RHP Dustin Noriega
|
|
Batting: LHB Jamel Alexander
|
0-0: Called Strike 0-1: Ball 1-1: Swinging Strike 1-2: Ball 2-2: Ball 3-2: SINGLE (Groundball, P, EV 83.1 MPH) (infield hit)
|
Batting: SHB Raul Morales
|
0-0: Foul Ball, location: 2F 0-1: SINGLE (Groundball, 34D, EV 109.4 MPH) Jamel Alexander to second Runner from 2nd tries for 3rd, SAFE, throw by RF made to third Raul Morales to second
|
Batting: LHB Andy Schumacher
|
0-0: Called Strike 0-1: Foul Ball, location: 2F 0-2: Ball 1-2: Foul Ball, location: 2F 1-2: Strikes out swinging
|
Batting: RHB Tim Borden
|
0-0: Ball 1-0: Swinging Strike 1-1: Foul Ball, location: 2F 1-2: Strikes out swinging
|
Batting: RHB Steve Clark
|
0-0: Foul Ball, location: 2F 0-1: Ball 1-1: Called Strike 1-2: Ground out U3 (Groundball, 23, EV 83.8 MPH)
|
Top of the 1st over - 0 runs, 2 hits, 0 errors, 2 left on base; Toledo 0 - Round Rock 0 |
BOTTOM OF THE 1ST |
Round Rock Express batting - Pitching for Toledo Mud Hens : RHP Adam Huemmer
|
Pitching: RHP Adam Huemmer
|
|
Batting: LHB Alejandro Soriano
|
0-0: Ball 1-0: Foul Ball, location: 2F 1-1: Fly out, F9 (Flyball, 9S, EV 97.5 MPH)
|
Batting: SHB Dan Tew
|
0-0: Ball 1-0: Ball 2-0: Ball 3-0: Called Strike 3-1: Foul Ball, location: 2F 3-2: Foul Ball, location: 2F 3-2: Fly out, F7 (Line Drive, 7D, EV 85.0 MPH)
|
Batting: RHB Doug Hammertime
|
0-0: Called Strike 0-1: Ground out U3 (Groundball, 3, EV 84.4 MPH)
|
Bottom of the 1st over - 0 runs, 0 hits, 0 errors, 0 left on base; Toledo 0 - Round Rock 0 |
TOP OF THE 2ND |
Toledo Mud Hens batting - Pitching for Round Rock Express : RHP Dustin Noriega
|
Batting: SHB Jamie Roberts
|
0-0: Called Strike 0-1: Foul Ball, location: 2F 0-2: Ball 1-2: Strikes out swinging
|
Batting: RHB Paul Wood
|
0-0: Swinging Strike 0-1: DOUBLE (Line Drive, 8RXD, EV 100.6 MPH)
|
Batting: RHB Casey Knutson
|
0-0: Ball 1-0: Ball 2-0: Ground out 3-1 (Groundball, 34S, EV 93.1 MPH) Paul Wood to third
|
Batting: RHB Josh Stinnett
|
0-0: Foul Ball, location: 2F 0-1: Swinging Strike 0-2: Ball 1-2: Strikes out looking
|
Top of the 2nd over - 0 runs, 1 hit, 0 errors, 1 left on base; Toledo 0 - Round Rock 0 |
BOTTOM OF THE 2ND |
Round Rock Express batting - Pitching for Toledo Mud Hens : RHP Adam Huemmer
|
Batting: LHB Josh Cook
|
0-0: Called Strike 0-1: Called Strike 0-2: Strikes out swinging
|
Batting: RHB Orlando Suarez
|
0-0: Ball 1-0: Ball 2-0: Ball 3-0: Called Strike 3-1: Base on Balls
|
Batting: RHB Chris Torlak
|
0-0: Called Strike 0-1: Ball 1-1: Called Strike 1-2: Ball 2-2: Strikes out swinging
|
Batting: SHB Isaiah Cherry
|
0-0: Ball 1-0: Called Strike 1-1: Foul Ball, location: 2F 1-2: Ball 2-2: Foul Ball, location: 2F 2-2: Fielders Choice at 2nd, 6-4 (Groundball, 6, EV 78.1 MPH)
|
Bottom of the 2nd over - 0 runs, 0 hits, 0 errors, 1 left on base; Toledo 0 - Round Rock 0 |
TOP OF THE 3RD |
Toledo Mud Hens batting - Pitching for Round Rock Express : RHP Dustin Noriega
|
Batting: LHB Jamel Alexander
|
0-0: Ball 1-0: Ball 2-0: Called Strike 2-1: Foul Ball, location: 2F 2-2: Strikes out swinging
|
Batting: SHB Raul Morales
|
0-0: Ball 1-0: Ground out 6-3 (Groundball, 6MS, EV 93.8 MPH)
|
Batting: LHB Andy Schumacher
|
0-0: Called Strike 0-1: Fly out, F7 (Flyball, 7, EV 91.2 MPH)
|
Top of the 3rd over - 0 runs, 0 hits, 0 errors, 0 left on base; Toledo 0 - Round Rock 0 |
BOTTOM OF THE 3RD |
Round Rock Express batting - Pitching for Toledo Mud Hens : RHP Adam Huemmer
|
Batting: RHB Rick Concha
|
0-0: Called Strike 0-1: Foul Ball, location: 2F 0-2: Foul Ball, location: 2F 0-2: Ball 1-2: Foul Ball, location: 2F 1-2: Strikes out looking
|
Batting: SHB Santos Renteria
|
0-0: SINGLE (Groundball, 56S, EV 60.6 MPH) (infield hit)
|
Batting: LHB Alejandro Soriano
|
0-0: Ball 1-0: Called Strike 1-1: Ball 2-1: Ball 3-1: SINGLE (Groundball, 34D, EV 97.5 MPH) (infield hit) Santos Renteria to second
|
Batting: SHB Dan Tew
|
0-0: Called Strike Santos Renteria steals 3rd base (no throw) 0-1: Foul Ball, location: 2F 0-2: Ball Alejandro Soriano steals 2nd base 1-2: Foul Ball, location: 2F 1-2: Ball 2-2: SINGLE (Line Drive, 4M, EV 94.4 MPH) Santos Renteria scores Alejandro Soriano to third
|
Batting: RHB Doug Hammertime
|
0-0: Ball 1-0: Swinging Strike 1-1: Fielders Choice at 2nd, 4-6 (Groundball, 4M, EV 93.1 MPH) Alejandro Soriano scores
|
Batting: LHB Josh Cook
|
0-0: Ball Doug Hammertime steals 2nd base 1-0: Ball 2-0: Called Strike 2-1: Swinging Strike 2-2: Ball 3-2: Strikes out swinging
|
Bottom of the 3rd over - 2 runs, 3 hits, 0 errors, 1 left on base; Toledo 0 - Round Rock 2 |
TOP OF THE 4TH |
Toledo Mud Hens batting - Pitching for Round Rock Express : RHP Dustin Noriega
|
Batting: RHB Tim Borden
|
0-0: Ball 1-0: Ball 2-0: Ball 3-0: Swinging Strike 3-1: Called Strike 3-2: Strikes out looking
|
Batting: RHB Steve Clark
|
0-0: Called Strike 0-1: Foul Ball, location: 2F 0-2: Ball 1-2: Ball 2-2: Strikes out looking
|
Batting: SHB Jamie Roberts
|
0-0: Ball 1-0: Ball 2-0: Called Strike 2-1: Ball 3-1: Called Strike 3-2: Strikes out swinging
|
Top of the 4th over - 0 runs, 0 hits, 0 errors, 0 left on base; Toledo 0 - Round Rock 2 |
BOTTOM OF THE 4TH |
Round Rock Express batting - Pitching for Toledo Mud Hens : RHP Adam Huemmer
|
Batting: RHB Orlando Suarez
|
0-0: Ground out 4-3 (Groundball, 4M, EV 80.6 MPH)
|
Batting: RHB Chris Torlak
|
0-0: Called Strike 0-1: Ball 1-1: Ball 2-1: Ball 3-1: Ground out 4-3 (Groundball, 4, EV 86.9 MPH)
|
Batting: SHB Isaiah Cherry
|
0-0: Called Strike 0-1: Ball 1-1: Called Strike 1-2: Foul Ball, location: 2F 1-2: Strikes out swinging
|
Bottom of the 4th over - 0 runs, 0 hits, 0 errors, 0 left on base; Toledo 0 - Round Rock 2 |
TOP OF THE 5TH |
Toledo Mud Hens batting - Pitching for Round Rock Express : RHP Dustin Noriega
|
Batting: RHB Paul Wood
|
0-0: Foul Ball, location: 2F 0-1: Ball 1-1: Ball 2-1: Called Strike 2-2: Strikes out swinging
|
Batting: RHB Casey Knutson
|
0-0: Called Strike 0-1: Swinging Strike 0-2: Strikes out swinging
|
Batting: RHB Josh Stinnett
|
0-0: Called Strike 0-1: Foul Ball, location: 2F 0-2: Ball 1-2: Ground out 6-3 (Groundball, 56, EV 85.6 MPH)
|
Top of the 5th over - 0 runs, 0 hits, 0 errors, 0 left on base; Toledo 0 - Round Rock 2 |
BOTTOM OF THE 5TH |
Round Rock Express batting - Pitching for Toledo Mud Hens : RHP Adam Huemmer
|
Batting: RHB Rick Concha
|
0-0: Ball 1-0: Ball 2-0: Called Strike 2-1: Ball 3-1: SOLO HOME RUN (Flyball, 7LD, EV 93.8 MPH), Distance : 350 ft
|
Batting: SHB Santos Renteria
|
0-0: Ground out 6-3 (Groundball, 6, EV 80.6 MPH)
|
Batting: LHB Alejandro Soriano
|
0-0: Called Strike 0-1: Fly out, F6 (Popup, 6, EV 63.8 MPH)
|
Batting: SHB Dan Tew
|
0-0: Foul Ball, location: 2F 0-1: Foul Ball, location: 2F 0-2: Hit by Pitch
|
Batting: RHB Doug Hammertime
|
0-0: SINGLE (Groundball, 25, EV 75.0 MPH) (infield hit) Dan Tew to second
|
Batting: LHB Josh Cook
|
0-0: Called Strike 0-1: Ball 1-1: Called Strike 1-2: Strikes out looking
|
Bottom of the 5th over - 1 run, 2 hits, 0 errors, 2 left on base; Toledo 0 - Round Rock 3 |
TOP OF THE 6TH |
Toledo Mud Hens batting - Pitching for Round Rock Express : RHP Dustin Noriega
|
Batting: LHB Jamel Alexander
|
0-0: Ball 1-0: Ball 2-0: Ball 3-0: Called Strike 3-1: Foul Ball, location: 2F 3-2: Foul Ball, location: 2F 3-2: SINGLE (Groundball, 4S, EV 70.6 MPH) (infield hit)
|
Batting: SHB Raul Morales
|
0-0: Foul Ball, location: 2F 0-1: Ball 1-1: Foul Ball, location: 2F 1-2: Ball 2-2: Grounds into double play, 4-6-3 (Groundball, 4S, EV 84.4 MPH)
|
Batting: LHB Andy Schumacher
|
0-0: Called Strike 0-1: Called Strike 0-2: Ball 1-2: Foul Ball, location: 2F 1-2: Strikes out looking
|
Top of the 6th over - 0 runs, 1 hit, 0 errors, 0 left on base; Toledo 0 - Round Rock 3 |
BOTTOM OF THE 6TH |
Round Rock Express batting - Pitching for Toledo Mud Hens : RHP Adam Huemmer
|
Batting: RHB Orlando Suarez
|
0-0: Called Strike 0-1: Ball 1-1: SINGLE (Line Drive, 3D, EV 101.2 MPH)
|
Batting: RHB Chris Torlak
|
0-0: Ball 1-0: Fly out, F9 (Flyball, 89M, EV 83.8 MPH)
|
Batting: SHB Isaiah Cherry
|
0-0: Swinging Strike 0-1: Ball 1-1: Ball 2-1: Ball 3-1: Fly out, F8 (Flyball, 8LS, EV 88.8 MPH)
|
Batting: RHB Rick Concha
|
0-0: Ball 1-0: Foul Ball, location: 2F 1-1: Foul Ball, location: 2F 1-2: Ball 2-2: Ball 3-2: Base on Balls Orlando Suarez to second
|
Batting: SHB Santos Renteria
|
0-0: Ball 1-0: Fly out, F9 (Line Drive, 9, EV 90.0 MPH)
|
Bottom of the 6th over - 0 runs, 1 hit, 0 errors, 2 left on base; Toledo 0 - Round Rock 3 |
TOP OF THE 7TH |
Toledo Mud Hens batting - Pitching for Round Rock Express : RHP Dustin Noriega
|
Batting: RHB Tim Borden
|
0-0: Called Strike 0-1: Ball 1-1: Foul Ball, location: 2F 1-2: Strikes out swinging
|
Batting: RHB Steve Clark
|
0-0: Called Strike 0-1: Foul Ball, location: 2F 0-2: Strikes out looking
|
Batting: SHB Jamie Roberts
|
0-0: Called Strike 0-1: Ball 1-1: Swinging Strike 1-2: Strikes out swinging
|
Top of the 7th over - 0 runs, 0 hits, 0 errors, 0 left on base; Toledo 0 - Round Rock 3 |
BOTTOM OF THE 7TH |
Round Rock Express batting - Pitching for Toledo Mud Hens : RHP Adam Huemmer
|
Pitching: RHP Ken Howington
|
|
Batting: LHB Alejandro Soriano
|
0-0: Ball 1-0: Ball 2-0: Foul Ball, location: 2F 2-1: Fly out, F3 (Line Drive, 3, EV 68.8 MPH)
|
Batting: SHB Dan Tew
|
0-0: Foul Ball, location: 2F 0-1: Fly out, F8 (Flyball, 8RD, EV 83.8 MPH)
|
Batting: RHB Doug Hammertime
|
0-0: Called Strike 0-1: Ball 1-1: Ball 2-1: Foul Ball, location: 2F 2-2: Ground out U3 (Groundball, 34, EV 98.1 MPH)
|
Bottom of the 7th over - 0 runs, 0 hits, 0 errors, 0 left on base; Toledo 0 - Round Rock 3 |
TOP OF THE 8TH |
Toledo Mud Hens batting - Pitching for Round Rock Express : RHP Dustin Noriega
|
Batting: RHB Paul Wood
|
0-0: Ball 1-0: Called Strike 1-1: Called Strike 1-2: Foul Ball, location: 2F 1-2: Fly out, F6 (Line Drive, 6, EV 69.4 MPH)
|
Pitching: RHP Ryan Jones
|
|
Batting: RHB Casey Knutson
|
0-0: Fly out, F8 (Flyball, 8RS, EV 91.2 MPH)
|
Batting: RHB Josh Stinnett
|
0-0: Ball 1-0: Swinging Strike 1-1: Ball 2-1: Swinging Strike 2-2: Strikes out swinging
|
Top of the 8th over - 0 runs, 0 hits, 0 errors, 0 left on base; Toledo 0 - Round Rock 3 |
BOTTOM OF THE 8TH |
Round Rock Express batting - Pitching for Toledo Mud Hens : RHP Ken Howington
|
Batting: LHB Josh Cook
|
0-0: Foul Ball, location: 2F 0-1: Ball 1-1: Foul Ball, location: 2F 1-2: Ball 2-2: Ball 3-2: Foul Ball, location: 2F 3-2: Foul Ball, location: 2F 3-2: SOLO HOME RUN (Flyball, 89XD, EV 106.2 MPH), Distance : 408 ft
|
Batting: RHB Orlando Suarez
|
0-0: Called Strike 0-1: SINGLE (Groundball, 6MD, EV 103.8 MPH) (infield hit)
|
Batting: RHB Chris Torlak
|
0-0: Swinging Strike 0-1: Foul Ball, location: 2F 0-2: Ball 1-2: Fly out, F9 (Flyball, 89M, EV 91.2 MPH)
|
Batting: SHB Isaiah Cherry
|
0-0: Foul Ball, location: 2F 0-1: Ball 1-1: Ball 2-1: Foul Ball, location: 2F 2-2: Foul Ball, location: 2F 2-2: Strikes out swinging
|
Batting: RHB Rick Concha
|
0-0: Ball 1-0: Ball 2-0: Ball 3-0: Called Strike 3-1: Fly out, F8 (Line Drive, 8RM, EV 95.6 MPH)
|
Bottom of the 8th over - 1 run, 2 hits, 0 errors, 1 left on base; Toledo 0 - Round Rock 4 |
TOP OF THE 9TH |
Toledo Mud Hens batting - Pitching for Round Rock Express : RHP Ryan Jones
|
Pinch Hitting: LHB Takuya Uchida
|
0-0: Foul Ball, location: 2F 0-1: Ball 1-1: Foul Ball, location: 2F 1-2: Strikes out swinging
|
Batting: SHB Raul Morales
|
0-0: Called Strike 0-1: SINGLE (Groundball, 6S, EV 71.2 MPH) (infield hit)
|
Batting: LHB Andy Schumacher
|
0-0: Ball 1-0: Ball 2-0: Foul Ball, location: 2F 2-1: Foul Ball, location: 2F 2-2: Ball 3-2: SINGLE (Groundball, 34D, EV 102.5 MPH) Raul Morales to second Raul Morales to third
|
Pitching: RHP Mark Lopez
|
|
Batting: RHB Tim Borden
|
0-0: Grounds into double play, 6-4-3 (Groundball, 6M, EV 77.5 MPH)
|
Top of the 9th over - 0 runs, 2 hits, 0 errors, 1 left on base; Toledo 0 - Round Rock 4 |
|